General information
- name: ktsucks
- type: Custom game
- host: timg4strok
- saver: timg4strok
map: EchoIsles
- players: 4
- length: 29:59
- speed: Fast
- version: 1.20 W3XP
- replay type:

» download(125 KB)
Players
team 1 (winner)
timg4strok (
blue | 206 APM | 6177 actions | 29:59)
5 Crypt Lord
3 Carrion Beetles
2 Spiked Carapace
4 Death Knight
2 Death Coil
2 Unholy Aura
» actions
| Assign group hotkey | 72 | |
| Basic commands | 75 | |
| Build / train | 76 | |
| ESC pressed | 5 | |
| Enter build submenu | 18 | |
| Enter hero's abilities submenu | 10 | |
| Give item / drop item | 5 | |
| Right click | 2544 | |
| Select / deselect | 624 | |
| Select group hotkey | 2655 | |
| Use ability | 93 | |
6177 total
» units
| Acolyte | 7 | |
| Ghoul | 9 | |
| Crypt Fiend | 15 | |
| Obsidian Statue | 5 | |
| Abomination | 4 | |
40 total
» upgrades
| Burrow | 1 | |
| Creature Attack | 4 | |
| Unholy Armor | 1 | |
| Web | 1 | |
| Destroyer Form | 1 | |
8 total
» buildings
| Altar of Darkness | 2 | |
| Crypt | 1 | |
| Ziggurat | 6 | |
| Graveyard | 1 | |
| Tomb of Relics | 1 | |
| Halls of the Dead | 1 | |
| Nerubian Tower | 1 | |
| Spirit Tower | 1 | |
| Slaughterhouse | 2 | |
| Black Citadel | 1 | |
| Necropolis | 2 | |
19 total
» build order
00:05 Altar of Darkness
00:06 Crypt
00:09 Altar of Darkness
00:23 Ziggurat
00:50 Graveyard
01:43 Tomb of Relics
02:27 Ziggurat
04:31 Halls of the Dead
05:28 Nerubian Tower
05:29 Spirit Tower
06:29 Ziggurat
06:52 Slaughterhouse
07:02 Ziggurat
07:45 Ziggurat
10:40 Black Citadel
12:10 Slaughterhouse
15:52 Ziggurat
18:16 Necropolis
18:18 Necropolis
» items
| Rod of Necromancy | 1 | |
| Sentry Wards | 1 | |
| Scroll of Town Portal | 4 | |
| Potion of Lesser Invulnerability | 1 | |
| Potion of Healing | 2 | |
| Scroll of Healing | 3 | |
| Orb of Corruption | 1 | |
13 total
team 2 (loser)
KiwiMen (
red | 104 APM | 3104 actions | 29:58)
6 Death Knight
2 Death Coil
3 Unholy Aura
1 Animate Dead
3 Crypt Lord
2 Impale
1 Spiked Carapace
» actions
| Assign group hotkey | 37 | |
| Basic commands | 693 | |
| Build / train | 79 | |
| Enter build submenu | 21 | |
| Enter hero's abilities submenu | 9 | |
| Give item / drop item | 5 | |
| Right click | 873 | |
| Select / deselect | 543 | |
| Select group hotkey | 749 | |
| Use ability | 95 | |
3104 total
» units
| Acolyte | 13 | |
| Ghoul | 7 | |
| Crypt Fiend | 11 | |
| Frost Wyrm | 7 | |
38 total
» upgrades
| Creature Attack | 3 | |
| Creature Carapace | 3 | |
| Burrow | 1 | |
| Web | 1 | |
8 total
» buildings
| Crypt | 1 | |
| Ziggurat | 11 | |
| Graveyard | 1 | |
| Altar of Darkness | 1 | |
| Halls of the Dead | 1 | |
| Tomb of Relics | 1 | |
| Necropolis | 1 | |
| Spirit Tower | 3 | |
| Black Citadel | 1 | |
| Sacrificial Pit | 1 | |
| Boneyard | 3 | |
25 total
» build order
00:04 Crypt
00:07 Ziggurat
00:37 Graveyard
00:56 Altar of Darkness
01:25 Ziggurat
03:20 Ziggurat
04:45 Halls of the Dead
05:31 Ziggurat
06:03 Tomb of Relics
07:40 Ziggurat
12:13 Ziggurat
12:15 Ziggurat
12:19 Necropolis
13:04 Spirit Tower
14:27 Black Citadel
15:15 Spirit Tower
15:17 Ziggurat
16:28 Sacrificial Pit
16:30 Ziggurat
16:31 Ziggurat
16:33 Ziggurat
18:07 Boneyard
18:07 Boneyard
18:44 Boneyard
19:22 Spirit Tower
» items
| Potion of Mana | 3 | |
| Scroll of Town Portal | 7 | |
| Potion of Healing | 7 | |
17 total
observersblueflagon,
Iceberg-Slim Chat log
(00:44 / All) timg4strok: GG and GL
(27:22 / All) timg4strok: gg
(29:56 / All) KiwiMen: lucky end game